 Dungeon Crawl Stone Soup version 0.25-a0-886-gd7461d2276 (webtiles) character file.

Game seed: 10807478824900650870, levelgen mode: deterministic

208942 DerDa the Destroyer (level 18, -16/171 HPs)
             Began as a Demonspawn Fire Elementalist on May 2, 2020.
             Was an Elder of Sif Muna.
             Hit by a large rock thrown by a cyclops (20 damage)
             ... on level 2 of the Shoals.
             The game lasted 03:53:51 (43701 turns).

DerDa the Destroyer (Demonspawn Fire Elementalist) Turns: 43701, Time: 03:53:52

Health: -16/171    AC: 25    Str:  8    XL:     18   Next: 14%
Magic:  44/44      EV: 23    Int: 24    God:    Sif Muna [****..]
Gold:   7775       SH: 16    Dex: 15    Spells: 7/44 levels left

rFire    . . .     SeeInvis +   a - +3 long sword (elec)
rCold    . . .     Gourm    .   Z - +3 buckler {reflect}
rNeg     + . .     Faith    +   (armour currently unavailable)
rPois    ∞         Spirit   .   (helmet unavailable)
rElec    +         Reflect  +   e - scarf {cloud immunity}
rCorr    +         Harm     .   (gloves currently unavailable)
MR       +....     Clarity  +   (boots currently unavailable)
Stlth    ++........             v - amulet of faith
HPRegen  0.38/turn              p - ring "Rex Fyo" {rPois rCorr}
MPRegen  0.29/turn              V - ring of magical power

@: agile, statue-form, very slightly contaminated, very slow
A: antennae 3, large bone plates 3, clarity, demonic guardian 1, powered by pain
3
}: 1/15 runes: gossamer
a: End Transformation, Channel Magic, Forget Spell, Divine Exegesis, Renounce
Religion


You were on level 2 of the Shoals.
You worshipped Sif Muna.
Sif Muna was greatly pleased with you.
You were very hungry.
You were a stone statue.
You visited 6 branches of the dungeon, and saw 30 of its levels.
You also visited: Gauntlet.

You collected 8607 gold pieces.
You spent 832 gold pieces at shops.

Inventory:

Hand Weapons
 a - a +3 long sword of electrocution (weapon)
Armour
 e - a scarf of cloud immunity (worn)
 z - a +0 pair of gloves (melded)
 G - a +1 robe of magic resistance (melded)
 J - the +2 cloak of the New World {Dex+4}
   (You found it in a Gauntlet)

   It affects your dexterity (+4).
 K - a +0 troll leather armour
 O - a +0 pair of boots (melded)
 Z - a +3 buckler of reflection (worn)
Magical Staves
 b - an uncursed staff of wizardry
Jewellery
 p - the ring "Rex Fyo" (left hand) {rPois rCorr}
   (You found it on level 12 of the Dungeon)

   [ring of resist corrosion]

   It protects you from poison.
   It provides partial protection from all sources of acid and corrosion.
 v - an amulet of faith (around neck)
 x - an uncursed ring of fire
 N - an uncursed ring of protection from cold
 V - a ring of magical power (right hand)
Wands
 n - a wand of disintegration (6)
 A - a wand of paralysis (48)
 D - a wand of acid (30)
 P - a wand of digging (13)
 Q - a wand of polymorph (10)
 R - a wand of enslavement (19)
 T - a wand of clouds (6)
 Y - a wand of iceblast (1)
Scrolls
 f - 10 scrolls of teleportation
 h - 8 scrolls of enchant armour
 i - 2 scrolls of fear
 k - 2 scrolls of enchant weapon
 m - 7 scrolls of immolation
 r - 10 scrolls of remove curse
 s - 4 scrolls of identify
 y - 4 scrolls of fog
 F - 5 scrolls of blinking
 I - 5 scrolls of magic mapping
Potions
 d - 12 potions of curing
 g - 7 potions of haste
 j - 2 potions of magic
 l - 6 potions of heal wounds
 o - 7 potions of brilliance
 q - 2 potions of cancellation
 u - 6 potions of flight
 w - a potion of might
 C - 2 potions of resistance
 E - 6 potions of stabbing
 L - 4 potions of mutation
 S - 5 potions of ambrosia
Miscellaneous
 t - a phial of floods
 H - a lightning rod (4/4)
 U - a box of beasts
 X - a phantom mirror
Comestibles
 c - 37 rations


   Skills:
 + Level 9.3 Fighting
   Level 0.3 Short Blades
 + Level 8.7 Dodging
 - Level 2.1 Stealth
 - Level 4.0 Shields
 * Level 13.6 Spellcasting
 * Level 14.4 Conjurations
 + Level 1.7 Necromancy
 - Level 6.0 Translocations
 + Level 5.7 Transmutations
 * Level 13.8 Fire Magic
 * Level 7.1 Earth Magic
 + Level 11.5 Invocations
 + Level 9.3 Evocations


You had 7 spell levels left.
You knew the following spells:

 Your Spells              Type           Power        Failure   Level  Hunger
a - Foxfire               Conj/Fire      ####         0%          1    None
b - Sticky Flame          Conj/Fire      ######..     1%          4    None
c - Fireball              Conj/Fire      ######....   1%          5    ###....
d - Iron Shot             Conj/Erth      ######....   7%          6    #####..
e - Mephitic Cloud        Conj/Pois/Air  #####...     1%          3    None
f - Statue Form           Tmut/Erth      #####....    38%         6    #####..
g - Irradiate             Conj/Tmut      ######....   1%          5    ###....
h - Borgnjor's Vile Clut  Necr/Erth      #####.....   16%         5    ###....
q - Blink                 Tloc           N/A          1%          2    None

Your spell library contained the following spells:

 Spells                   Type           Power        Failure   Level  Hunger
 Magic Dart               Conj           ####         0%          1    None
 Searing Ray              Conj           ######       0%          2    None
 Apportation              Tloc           #####.       1%          1    None
 Beastly Appendage        Tmut           #####.       1%          1    None
 Sandblast                Erth           ######       1%          1    None
 Shock                    Conj/Air       ####         1%          1    None
 Sting                    Tmut/Pois      ####         1%          1    None
 Passwall                 Tmut/Erth      #####...     1%          2    None
 Shroud of Golubria       Chrm/Tloc      ####..       1%          2    None
 Sticks to Snakes         Tmut           #####...     1%          2    None
 Conjure Flame            Conj/Fire      ######..     1%          3    None
 Dazzling Flash           Conj/Hex       ######       1%          3    None
 Gell's Gravitas          Tloc           #####.....   1%          3    None
 Ignite Poison            Fire/Tmut/Pois #####...     1%          3    None
 Inner Flame              Hex/Fire       #####...     1%          3    None
 Lesser Beckoning         Tloc           #####.....   1%          3    None
 Static Discharge         Conj/Air       ######..     1%          3    None
 Stone Arrow              Conj/Erth      ######       1%          3    None
 Fulminant Prism          Conj/Hex       ######....   1%          4    None
 Hailstorm                Conj/Ice       ######..     1%          4    None
 Iskenderun's Mystic Bla  Conj/Tloc      ######..     1%          4    None
 Bolt of Magma            Conj/Fire/Erth ######....   1%          5    ###....
 Starburst                Conj/Fire      ######....   1%          6    #####..
 Petrify                  Tmut/Erth      #####...     2%          4    None
 Corona                   Hex            ###....      3%          1    None
 Freeze                   Ice            ###.         3%          1    None
 Infusion                 Chrm           ###.         3%          1    None
 Summon Butterflies       Summ           ###.....     3%          1    None
 Portal Projectile        Hex/Tloc       ####..       3%          3    None
 Passage of Golubria      Tloc           N/A          3%          4    None
 Call Imp                 Summ           ###.....     5%          2    None
 Poisonous Vapours        Pois/Air       ###...       5%          2    None
 Slow                     Hex            ###.....     5%          2    None
 Song of Slaying          Chrm           ###.....     5%          2    None
 Vampiric Draining        Necr           ###.......   5%          3    None
 Iskenderun's Battlesphe  Conj/Chrm      ######..     5%          5    ###....
 Lee's Rapid Deconstruct  Erth           ######....   5%          5    ###....
 Lightning Bolt           Conj/Air       ######....   5%          5    ###....
 Leda's Liquefaction      Hex/Erth       ####......   9%          4    None
 Orb of Destruction       Conj           ######....   9%          7    ######.
 Confusing Touch          Hex            ###.....     11%         3    None
 Frozen Ramparts          Ice            ###...       11%         3    None
 Ozocubu's Armour         Chrm/Ice       ###.....     11%         3    None
 Spectral Weapon          Hex/Chrm       ###.....     11%         3    None
 Summon Guardian Golem    Hex/Summ       ###.....     11%         3    None
 Tukima's Dance           Hex            ###.....     11%         3    None
 Ice Form                 Ice/Tmut       ####....     11%         4    None
 Conjure Ball Lightning   Conj/Air       ######....   28%         6    #####..
 Alistair's Intoxication  Tmut/Pois      ####....     30%         5    ###....
 Summon Forest            Summ/Tloc      ####......   30%         5    ###....
 Yara's Violent Unravell  Hex/Tmut       ####......   30%         5    ###....
 Cause Fear               Hex            ###.......   36%         4    None
 Olgreb's Toxic Radiance  Pois           ###.....     36%         4    None
 Summon Ice Beast         Ice/Summ       ###.....     36%         4    None
 Hydra Form               Tmut           #####.....   47%         6    #####..
 Excruciating Wounds      Chrm/Necr      ###.......   56%         5    ###....
 Freezing Cloud           Conj/Ice/Air   #####.....   61%         6    #####..
 Metabolic Englaciation   Hex/Ice        ###.......   71%         5    ###....
 Silence                  Hex/Air        ###.......   71%         5    ###....
 Summon Mana Viper        Hex/Summ       ###.....     71%         5    ###....
 Spellforged Servitor     Conj/Summ      ######....   85%         7    ######.
 Ring of Flames           Chrm/Fire      #####.....   87%         7    ######.
 Dragon Form              Tmut           #####.....   96%         7    ######.
 Invisibility             Hex            ###.....     99%         6    #####..
 Haunt                    Necr/Summ      ###.......   100%        7    ######.
 Ignition                 Fire           ######....   63%         8    #######
 Lehudib's Crystal Spear  Conj/Erth      ######....   96%         8    #######
 Chain Lightning          Conj/Air       ######....   100%        8    #######
 Discord                  Hex            ###.......   100%        8    #######
 Fire Storm               Conj/Fire      ######....   100%        9    #######
 Shatter                  Erth           ######....   100%        9    #######


Dungeon Overview and Level Annotations

Branches:
Dungeon (15/15)            Temple (1/1) D:5            Lair (6/6) D:10
 Shoals (2/4) Lair:2       Spider (4/4) Lair:2        Slime (0/5) Lair:5
    Orc (2/2) D:10            Elf (0/3) Orc:2        Vaults (0/5) D:14
 Depths (0/5) D:15        Gauntlet (visited)

Altars:
Ashenzari
Cheibriados
Dithmenos
Elyvilon
Fedhas
Gozag
Hepliaklqana
Kikubaaqudgha
Makhleb
Nemelex Xobeh
Okawaru
Qazlal
Ru
Sif Muna
Trog
Uskayaw
Vehumet
Wu Jian
Xom
Yredelemnul
Zin
The Shining One
Beogh
Jiyva

Shops:
Orc:2 *%!*


Innate Abilities, Weirdness & Mutations

You have a pair of large antennae on your head. (SInv)
You are completely covered in large bone plates. (SH +8)
A weak demonic guardian rushes to your aid.
You are powered by pain.
You possess an exceptional clarity of mind.


Message History

The merfolk hits you but does no damage.
The merfolk impaler hits you from afar with a +1 trident of pain!
* * * LOW HITPOINT WARNING * * *
You writhe in agony.
* * * LOW HITPOINT WARNING * * *
The merfolk siren hits you from afar with a +0 spear!
* * * LOW HITPOINT WARNING * * *
The cyclops barely misses you.
The hippogriff bites you but does no damage.
The hippogriff pecks you but does no damage.
The hippogriff claws you but does no damage.
The merfolk hits you from afar with a +0 trident!
* * * LOW HITPOINT WARNING * * *
You focus on the pain.
You feel agile all of a sudden.
Blink to where?
Press: ? - help, Dir - move target cursor
As you read the scroll of blinking, it crumbles to dust.
The cyclops throws a large rock.
The large rock hits you!!
You die...

......≈≈≈≈≈≈≈≈
.....≈≈≈≈≈≈≈≈
..(.≈≈≈≈≈≈≈≈
....≈≈≈≈≈≈≈
....≈≈≈≈≈≈
....≈≈≈≈≈
#...≈≈≈≈≈
#8...≈≈≈≈≈≈≈≈≈
##(....≈≈≈≈≈.≈≈
#........≈≈≈≈≈≈
.........≈≈≈≈≈≈
.......t...≈≈≈≈≈
#.......Y.S..†≈≈≈
.......HC.Y.%..≈≈
.........mm†..(..≈
........†......


You could see a merfolk impaler, a sea snake, a snapping turtle, a merfolk, a
cyclops, a hippogriff and 2 dream sheep.

Vanquished Creatures
  Bai Suzhen (Spider:3)
  Arachne (Spider:2)
  Rupert (Lair:4)
  Kirke (Spider:4)
  Donald (Lair:2)
  3 ghost moths (Spider:4)
  3 emperor scorpions (Spider:4)
  3 orc warlords
  6 dire elephants
  9 entropy weavers
  5 spark wasps
  A minotaur (Gauntlet)
  Snorg (D:14)
  A merfolk impaler (Shoals:1)
  An ogre mage (D:14)
  8 hydras
  A rakshasa (D:13)
  2 catoblepae
  An anaconda (Lair:6)
  A merfolk avatar (Shoals:1)
  5 centaur warriors (D:14)
  9 two-headed ogres
  2 tengu warriors
  A death scarab (Gauntlet)
  Sonja (D:12)
  A fire crab (Lair:5)
  4 orc high priests (Orc:2)
  A skeletal warrior (D:14)
  3 sea snakes (Shoals:1)
  An unseen horror (D:12)
  An unseen horror (shapeshifter) (D:15)
  A lindwurm (Lair:3)
  25 orb spiders
  A spectral hydra (Gauntlet)
  11 ugly things
  44 wolf spiders
  10 orc knights
  7 fauns (Shoals:1)
  A salamander (D:15)
  7 manticores
  4 cyclopes
  A moth of wrath (Spider:3)
  3 merfolk sirens (Shoals:1)
  5 orc sorcerers
  12 elephants
  2 black mambas (Lair:6)
  2 centaur zombies (D:13)
  A water nymph (Shoals:1)
  Maurice (D:11)
  7 spiny frogs
  A gargoyle (Gauntlet)
  A torpor snail (Spider:4)
  A molten gargoyle (Gauntlet)
  10 centaur skeletons
  7 komodo dragons
  13 demonic crawlers
  2 kobold demonologists (D:14)
  4 rime drakes
  A yaktaur (shapeshifter) (D:15)
  A queen bee (D:9)
  5 merfolk (Shoals:1)
  15 hornets
  A wind drake (Shoals:1)
  8 trolls
  42 jumping spiders
  A polar bear (Lair:5)
  8 slime creatures
  12 blink frogs
  3 snapping turtles (Shoals:1)
  6 dream sheep
  18 hippogriffs
  A shadow (D:14)
  30 tarantellas
  A centaur simulacrum (D:15)
  61 redbacks
  2 wraiths
  2 water elementals (Shoals:1)
  45 yaks
  11 wyverns
  A human (Spider:4)
  8 basilisks
  A hog (Spider:4)
  5 vampire mosquitoes
  2 hungry ghosts
  20 wargs
  3 soldier ants
  12 water moccasins
  3 hell hounds (D:15)
  13 porcupines
  3 ice beasts
  5 small abominations (Gauntlet)
  2 necrophages (D:8)
  60 orc warriors
  3 phantoms
  4 black bears
  2 sky beasts
  20 ogres
  5 boggarts (D:15)
  8 centaurs
  12 crocodiles
  6 big kobolds
  24 bullfrogs
  4 gnoll sergeants
  5 scorpions
  14 killer bees
  A troll skeleton (D:11)
  2 spriggan skeletons (D:11)
  3 wights (D:8)
  6 howler monkeys
  6 crimson imps
  9 electric eels
  5 jellies
  A quasit (D:6)
  3 bullfrog zombies
  A gnoll shaman (Orc:2)
  34 orc priests
  5 bullfrog skeletons
  8 hounds
  20 orc wizards
  3 iguanas
  Natasha (thrice) (D:3)
  9 worker ants
  A hound skeleton (D:9)
  A worker ant zombie (D:6)
  12 gnolls
  16 adders
  4 shadow imps
  An ooze (D:2)
  An adder skeleton (D:4)
  4 worms
  4 leopard geckos
  158 orcs
  8 bats
  5 giant cockroaches
  8 goblins
  7 hobgoblins
  5 jackals
  6 kobolds
  10 quokkas
  6 frilled lizards
  A giant cockroach zombie (D:5)
  2 leopard gecko skeletons
  8 rats
  A bush (Lair:4)
  2 fungi (Lair:5)
  4 plants (Lair:6)
1177 creatures vanquished.

Vanquished Creatures (collateral kills)
  A two-headed ogre (Orc:2)
  An ugly thing (D:14)
  3 wolf spiders
  A gargoyle (Gauntlet)
  2 spiny frogs
  A centaur skeleton (D:14)
  A torpor snail (Lair:3)
  A demonic crawler (Spider:2)
  A jumping spider (Spider:4)
  A small abomination (Gauntlet)
  A hippogriff (D:14)
  A dream sheep (Shoals:1)
  2 tarantellas
  3 redbacks
  Sigmund (D:3)
  2 yaks
  A hog (Spider:4)
  An orc warrior (Orc:1)
  2 centaurs (D:5)
  A gnoll sergeant (D:6)
  2 bullfrogs (D:10)
  A killer bee (D:9)
  A bullfrog skeleton (D:13)
  An orc priest (D:9)
  An orc wizard (D:10)
  An adder (D:3)
  6 orcs
  A ball python (D:3)
42 creatures vanquished.

Vanquished Creatures (others)
  Nessos (D:14)
  A centaur warrior (D:14)
  A faun (Shoals:1)
  A wolf spider (Spider:2)
  A tarantella (Spider:3)
  4 humans (Spider:4)
  2 orc warriors
  A bush (Lair:5)
  1033 foxfires
  29 fungi
  9 plants
1083 creatures vanquished.

Grand Total: 2302 creatures vanquished

Notes
Turn   | Place    | Note
-------+----------+-------------------------------------------
     0 | D:1      | DerDa the Demonspawn Fire Elementalist began the quest for
                  | the Orb.
     0 | D:1      | Reached XP level 1. HP: 13/13 MP: 3/3
   145 | D:1      | Gained mutation: You are partially covered in large bone
                  | plates. (SH +4) [demonic ancestry]
   145 | D:1      | Reached XP level 2. HP: 19/19 MP: 0/5
   882 | D:2      | Reached XP level 3. HP: 24/24 MP: 2/6
  1456 | D:2      | Reached XP level 4. HP: 29/30 MP: 4/8
  1745 | D:2      | Learned a level 4 spell: Sticky Flame
  2211 | D:3      | Gained mutation: A weak demonic guardian rushes to your
                  | aid. [demonic ancestry]
  2211 | D:3      | Reached XP level 5. HP: 34/35 MP: 5/9
  2255 | D:3      | Reached skill level 2 in Conjurations
  2435 | D:3      | Noticed Natasha
  2449 | D:3      | Killed Natasha
  2590 | D:3      | Noticed Natasha
  2593 | D:3      | Killed Natasha
  2603 | D:3      | Noticed Sigmund
  2731 | D:3      | Killed Sigmund
  2731 | D:3      | Reached skill level 3 in Conjurations
  2731 | D:3      | Reached XP level 6. HP: 37/41 MP: 6/11
  2847 | D:3      | Noticed Natasha
  2855 | D:3      | Killed Natasha
  2862 | D:3      | Learned a level 5 spell: Fireball
  3172 | D:4      | Gained mutation: You sometimes gain a little power by
                  | taking damage. [demonic ancestry]
  3172 | D:4      | Reached XP level 7. HP: 46/46 MP: 5/13
  3610 | D:5      | Entered Level 5 of the Dungeon
  3631 | D:5      | Reached skill level 4 in Conjurations
  3631 | D:5      | Reached skill level 5 in Fire Magic
  3853 | D:5      | Reached skill level 5 in Spellcasting
  3996 | D:5      | Found a staircase to the Ecumenical Temple.
  4013 | Temple   | Entered the Ecumenical Temple
  4101 | Temple   | Became a worshipper of Sif Muna the Loreminder
  4338 | D:5      | Found a shimmering altar of Xom.
  4338 | D:5      | Found a blossoming altar of Fedhas.
  4339 | D:5      | Found a stormy altar of Qazlal.
  4340 | D:5      | Found a radiant altar of Vehumet.
  4484 | D:6      | Gained mutation: You sometimes gain power by taking damage.
                  | [demonic ancestry]
  4484 | D:6      | Reached XP level 8. HP: 52/52 MP: 7/16
  4554 | D:6      | Reached skill level 5 in Conjurations
  4693 | D:6      | You fall into a shaft and drop 2 floors!
  4926 | D:8      | Noticed a hippogriff
  4978 | D:8      | Killed a hippogriff
  5089 | D:8      | Found a bloodstained altar of Trog.
  5098 | D:8      | Reached skill level 6 in Conjurations
  5313 | D:7      | Reached XP level 9. HP: 57/57 MP: 13/18
  5636 | D:6      | Reached * piety under Sif Muna
  6289 | D:7      | Reached skill level 7 in Conjurations
  6727 | D:7      | Noticed an orc knight
  6787 | D:7      | Killed an orc knight
  6970 | D:7      | Noticed an orc knight
  7108 | D:7      | Killed an orc knight
  7108 | D:7      | Reached skill level 8 in Conjurations
  7108 | D:7      | Reached skill level 1 in Invocations
  7108 | D:7      | Gained mutation: You are mostly covered in large bone
                  | plates. (SH +6) [demonic ancestry]
  7108 | D:7      | Reached XP level 10. HP: 64/64 MP: 3/21
  7250 | D:7      | Noticed an orc knight
  7252 | D:7      | Reached ** piety under Sif Muna
  7266 | D:7      | Killed an orc knight
  7266 | D:7      | Reached skill level 1 in Fighting
  7266 | D:7      | Reached skill level 1 in Evocations
  8537 | D:9      | Noticed a two-headed ogre
  8542 | D:9      | Learned a level 2 spell: Blink
  8546 | D:9      | Learned a level 3 spell: Mephitic Cloud
  8596 | D:9      | Killed a two-headed ogre
  8682 | D:9      | Found a glowing silver altar of Zin.
  8682 | D:9      | Noticed a two-headed ogre
  8690 | D:9      | Killed a two-headed ogre
  8690 | D:9      | Reached skill level 9 in Conjurations
  8690 | D:9      | Reached skill level 1 in Translocations
  8690 | D:9      | Gained mutation: You have a pair of small antennae on your
                  | head. [demonic ancestry]
  8690 | D:9      | Reached XP level 11. HP: 74/74 MP: 7/23
  8706 | D:10     | Entered Level 10 of the Dungeon
  9150 | D:9      | Reached *** piety under Sif Muna
  9291 | D:9      | Noticed a two-headed ogre
  9371 | D:9      | Killed a two-headed ogre
  9752 | D:9      | Noticed a two-headed ogre
  9915 | D:9      | Killed a two-headed ogre
 10907 | D:10     | Reached **** piety under Sif Muna
 11245 | D:10     | Found a staircase to the Lair.
 11556 | D:10     | Found a staircase to the Orcish Mines.
 11559 | D:10     | Reached skill level 5 in Invocations
 11957 | D:11     | Found a gate leading to a gauntlet.
 11963 | Gauntlet | Entered a Gauntlet
 11963 | Gauntlet | Found a transporter.
 11970 | Gauntlet | Found a transporter.
 11972 | Gauntlet | Found a transporter.
 11983 | Gauntlet | Found a transporter.
 11987 | Gauntlet | Found a transporter.
 11987 | Gauntlet | Noticed a red ugly thing
 11989 | Gauntlet | Noticed a white ugly thing
 11990 | Gauntlet | Noticed a great orb of eyes
 11993 | Gauntlet | Found a transporter.
 12009 | Gauntlet | Found a transporter.
 12019 | Gauntlet | Found a transporter.
 12026 | Gauntlet | Found a runed translucent gate.
 12026 | Gauntlet | Found a runed translucent gate.
 12026 | Gauntlet | Found a runed translucent gate.
 12026 | Gauntlet | Noticed a catoblepas
 12030 | Gauntlet | Found a transporter.
 12045 | Gauntlet | Found a transporter.
 12048 | Gauntlet | Found a runed translucent door.
 12059 | Gauntlet | Found a transporter.
 12060 | Gauntlet | Found a transporter.
 12062 | Gauntlet | Noticed a death scarab
 12101 | Gauntlet | Found a transporter.
 12115 | Gauntlet | Found a transporter.
 12416 | Gauntlet | Killed a death scarab
 12416 | Gauntlet | Gained mutation: You have a pair of antennae on your head.
                  | [demonic ancestry]
 12416 | Gauntlet | Reached XP level 12. HP: 77/83 MP: 10/25
 12425 | Gauntlet | Reached skill level 10 in Conjurations
 12934 | Gauntlet | Killed a catoblepas
 12954 | Gauntlet | Got a pitted cloak
 12979 | Gauntlet | Identified the +2 cloak of the New World {Dex+4} (You found
                  | it in a Gauntlet)
 13119 | Gauntlet | Noticed a minotaur
 13136 | Gauntlet | Killed a minotaur
 13136 | Gauntlet | Reached skill level 10 in Fire Magic
 13176 | Gauntlet | Identified the Disquisition on the Dusty Compass
 14296 | D:11     | Noticed Maurice
 14303 | D:11     | Killed Maurice
 14400 | D:11     | Reached skill level 10 in Spellcasting
 14678 | Lair:1   | Entered Level 1 of the Lair of Beasts
 15244 | Lair:1   | Reached skill level 5 in Dodging
 15246 | Lair:1   | Reached skill level 5 in Evocations
 15253 | Lair:1   | Reached ***** piety under Sif Muna
 15253 | Lair:1   | Reached skill level 5 in Fighting
 16380 | Lair:2   | Found a hole to the Spider Nest.
 16548 | Lair:2   | Found a staircase to the Shoals.
 16557 | Lair:2   | Noticed a four-headed hydra
 16565 | Lair:2   | Killed a four-headed hydra
 17425 | Lair:3   | Gained mutation: You are completely covered in large bone
                  | plates. (SH +8) [demonic ancestry]
 17425 | Lair:3   | Reached XP level 13. HP: 86/91 MP: 4/27
 17824 | Lair:3   | Identified Sif Muna's Tome of the Harmful Rocks (Sif Muna
                  | gifted it to you on level 3 of the Lair of Beasts)
 17824 | Lair:3   | Received a gift from Sif Muna
 17835 | Lair:3   | Learned a level 6 spell: Iron Shot
 18772 | Lair:4   | Noticed Rupert
 18952 | Lair:4   | Reached skill level 11 in Conjurations
 19106 | Lair:4   | Reached skill level 1 in Shields
 19232 | Lair:4   | Reached skill level 1 in Earth Magic
 19595 | Lair:4   | Killed Rupert
 19934 | Lair:5   | Got an iridescent halberd
 19934 | Lair:5   | Identified the cursed +2 halberd of Checkmate {vorpal, rC+
                  | MR+} (You found it on level 5 of the Lair of Beasts)
 20312 | Lair:5   | Found a staircase to the Slime Pits.
 20312 | Lair:5   | Found a viscous altar of Jiyva.
 20749 | Lair:5   | Got a slimy battleaxe
 21067 | Lair:5   | Identified the +3 battleaxe of Kaosoboa {flame, Int+5} (You
                  | found it on level 5 of the Lair of Beasts)
 21096 | Lair:6   | Entered Level 6 of the Lair of Beasts
 21638 | Lair:6   | Reached skill level 5 in Translocations
 21656 | Lair:6   | Reached XP level 14. HP: 99/99 MP: 8/29
 22395 | Lair:6   | Identified Boase's Handbook of Attacks (Sif Muna gifted it
                  | to you on level 6 of the Lair of Beasts)
 22395 | Lair:6   | Received a gift from Sif Muna
 23702 | Orc:1    | Entered Level 1 of the Orcish Mines
 23920 | Orc:2    | Entered Level 2 of the Orcish Mines
 24544 | Orc:2    | Found a staircase to the Elven Halls.
 24673 | Orc:2    | Learned a level 6 spell: Statue Form
 24679 | Orc:2    | Learned a level 5 spell: Irradiate
 24947 | Orc:2    | Identified Sif Muna's Compendium of Companions and Flames
                  | (Sif Muna gifted it to you on level 2 of the Orcish Mines)
 24947 | Orc:2    | Received a gift from Sif Muna
 25715 | Orc:2    | Found Meitet's Distillery.
 25731 | Orc:2    | Found Xumug's Assorted Antiques.
 25776 | Orc:2    | Bought 2 metallic coppery potions for 55 gold pieces
 25836 | Orc:2    | Found a roughly hewn altar of Beogh.
 26026 | Orc:2    | Reached skill level 12 in Conjurations
 26364 | Orc:2    | Noticed an orc warlord
 26383 | Orc:2    | Killed an orc warlord
 26383 | Orc:2    | Reached skill level 1 in Transmutations
 26481 | Orc:2    | Found a roughly hewn altar of Beogh.
 26615 | Orc:2    | Found Elahun's Food Shoppe.
 26684 | Orc:2    | Found Juadar's General Store.
 26687 | Orc:2    | Identified Posaan's Tome of Hurtful Evil Rites (Sif Muna
                  | gifted it to you on level 2 of the Orcish Mines)
 26687 | Orc:2    | Received a gift from Sif Muna
 26703 | Orc:2    | Bought a scroll of magic mapping for 49 gold pieces
 26703 | Orc:2    | Bought a scroll of acquirement for 728 gold pieces
 26893 | Orc:1    | Noticed an orc warlord
 27076 | Orc:2    | Killed an orc warlord
 27224 | Orc:1    | Identified the cursed +1 pearl dragon scales of Zin's
                  | Vengeance {rN+ Str+4 Dex+2}
 27526 | Orc:1    | Identified the +0 plate armour of Refuge {Int+6 Dex+4}
 27662 | Orc:2    | Gained mutation: You have a pair of large antennae on your
                  | head. (SInv) [demonic ancestry]
 27662 | Orc:2    | Reached XP level 15. HP: 81/107 MP: 19/30
 27772 | Orc:1    | Noticed an orc warlord
 28074 | Orc:1    | Killed an orc warlord
 28634 | D:12     | Got a slimy platinum ring
 28636 | D:12     | Identified the ring "Rex Fyo" {rPois rCorr} (You found it
                  | on level 12 of the Dungeon)
 29012 | D:12     | Noticed Sonja
 29014 | D:12     | Killed Sonja
 29378 | D:12     | Identified Xaoniyn's Compendium of Fallacy (Sif Muna gifted
                  | it to you on level 12 of the Dungeon)
 29378 | D:12     | Received a gift from Sif Muna
 30212 | D:13     | Identified the ring "Jugampo" {rPois Int+3 Slay+3} (You
                  | acquired it on level 13 of the Dungeon)
 31045 | D:14     | Noticed Snorg
 31060 | D:14     | Killed Snorg
 31116 | D:14     | Found a gate to the Vaults.
 31184 | D:14     | Identified Sif Muna's Incunabulum of Hexes and the Blaze
                  | (Sif Muna gifted it to you on level 14 of the Dungeon)
 31184 | D:14     | Received a gift from Sif Muna
 32103 | D:14     | Identified Sif Muna's Reference Book on Twisted
                  | Transformation
 32214 | D:14     | Noticed Nessos
 32218 | D:14     | Killed Nessos
 32347 | D:15     | Entered Level 15 of the Dungeon
 32561 | D:15     | Found a staircase to the Depths.
 33320 | D:15     | Identified Ycoxtic's Catalogue of Contamination and
                  | Confrontation (Sif Muna gifted it to you on level 15 of the
                  | Dungeon)
 33320 | D:15     | Received a gift from Sif Muna
 33322 | D:15     | Gained mutation: You are powered by pain. [demonic
                  | ancestry]
 33322 | D:15     | Reached XP level 16. HP: 105/116 MP: 17/32
 33366 | D:15     | HP: 2/116 [hippogriff (12)]
 33756 | D:15     | Reached skill level 13 in Conjurations
 34233 | Shoals:1 | Entered Level 1 of the Shoals
 34235 | Shoals:1 | Reached skill level 5 in Earth Magic
 34255 | Shoals:1 | Reached skill level 10 in Invocations
 34994 | Shoals:1 | Noticed Donald
 35293 | Spider:1 | Entered Level 1 of the Spider Nest
 35467 | Spider:1 | Identified Sif Muna's Spellweaving, Part Five (Sif Muna
                  | gifted it to you on level 1 of the Spider Nest)
 35467 | Spider:1 | Received a gift from Sif Muna
 37371 | Spider:1 | Identified Kach's Handbook of Destructive Necromancy (Sif
                  | Muna gifted it to you on level 1 of the Spider Nest)
 37371 | Spider:1 | Received a gift from Sif Muna
 38159 | Spider:2 | Noticed Arachne
 38248 | Spider:2 | Killed Arachne
 38248 | Spider:2 | Reached XP level 17. HP: 124/124 MP: 5/34
 38742 | Spider:2 | Identified the ring "Vuaronir" {rPois Int+6 Dex-2 Slay+6
                  | SInv} (You acquired it on level 2 of the Spider Nest)
 38742 | Spider:2 | Identified the +9 rapier of the Hierophant {flame, rPois
                  | MR+ Int-2} (You acquired it on level 2 of the Spider Nest)
 38970 | Spider:3 | Identified Sif Muna's Tome of Quantum Confrontation (Sif
                  | Muna gifted it to you on level 3 of the Spider Nest)
 38970 | Spider:3 | Received a gift from Sif Muna
 38989 | Spider:3 | Gained mutation: You possess an exceptional clarity of
                  | mind. [mutagenic glow]
 39418 | Spider:3 | Reached skill level 5 in Transmutations
 39453 | Spider:3 | Noticed Bai Suzhen
 39467 | Spider:3 | Killed Bai Suzhen
 39467 | Spider:3 | Reached skill level 14 in Conjurations
 39873 | Spider:4 | Entered Level 4 of the Spider Nest
 40229 | Spider:4 | Noticed Kirke
 40240 | Spider:4 | Killed Kirke
 41332 | Spider:4 | Received a gift from Sif Muna
 41344 | Spider:4 | Learned a level 5 spell: Borgnjor's Vile Clutch
 41920 | Spider:4 | Reached skill level 1 in Necromancy
 42287 | Spider:4 | Reached XP level 18. HP: 131/132 MP: 12/35
 42632 | Spider:4 | Got a gossamer rune of Zot
 42955 | Lair:2   | Killed Donald
 43700 | Shoals:2 | HP: 3/171 [merfolk/+0 trident (14)]
 43701 | Shoals:2 | Hit by a large rock thrown by a cyclops

Levels and vault maps discovered:
D:1:      lightli_iron_boxes, layout_rooms, minmay_misc_feat_roman
D:2:      layout_basic, minmay_tetromino_o2
D:3:      layout_basic, minivault_4, uniq_sigmund, uniq_natasha
D:4:      layout_basic, first_ration
D:5:      layout_basic, chequers_temple_overflow_statue_of_worship,
          minmay_temple_entry_offerings
D:6:      layout_basic
D:7:      lemuel_castle_with_subvaults [lemuel_castle_interior_carwin_1],
          layout_rooms
D:8:      layout_basic, old_standard_altar
D:9:      layout_stronghold, overflow_temple_1_default, david_nohive_1
D:10:     layout_cave_pools, due_lair_maze_entry_diamond,
          kennysheep_orc_monster_closet_entryway
D:11:     layout_stronghold, gauntlet_entry_generic, hangedman_tell_no_tales,
          uniq_maurice
D:12:     layout_grid_maze, uniq_sonja
D:13:     layout_long_grid
D:14:     layout_loops_ring, hangedman_vaults_entry_quadrant_bands,
          serial_bayou_pond_d, minmay_increasing_density, uniq_nessos,
          uniq_snorg
D:15:     hangedman_depths_entry_try_elsewhere_first, layout_layer_cave,
          special_room [special_room_mythical_zoo],
          minmay_misc_feat_secret_circle, minmay_puff
Temple:   regret_index_temple_sphere_string
Lair:1:   layout_chaotic_city, serial_bayou, serial_bayou_pond_b,
          serial_bayou_lagoon_a, serial_bayou_lake_a, serial_bayou_lagoon_b
Lair:2:   layout_small_grid, elwin_shoals_entry_rocks, dummy_spider_entry
Lair:3:   layout_cellular_growth, serial_bayou_shore_a
Lair:4:   layout_regular_city, fungi_pond_lemuel, uniq_rupert
Lair:5:   layout_regular_city, slime_altar_1, gammafunk_lair_bear_cave
Lair:6:   due_jungle_book, layout_misc_corridors
Shoals:1: layout_shoals, uniq_donald
Shoals:2: layout_shoals, ebering_ghost_xom, nicolae_shoals_square_sea_wall
Spider:1: layout_chambers
Spider:2: layout_spider_delve, uniq_arachne
Spider:3: cheibrodos_forgotten_conduit, uniq_bai_suzhen
Spider:4: guppyfry_spider_rune, guppyfry_hornet_nest,
          hangedman_spider_tarantella_strand, uniq_kirke
Orc:1:    layout_caves, minmay_orc_treasury
Orc:2:    pubby_orc_utopia

Skill      XL: |  1  2  3  4  5  6  7  8  9 10 11 12 13 14 15 16 17 18 |
---------------+-------------------------------------------------------+-----
Fire Magic     | 3 4 5 6 8 9 10 11 12 13 | 13.8
Stealth        | 2 |  2.1
Spellcasting   | 3 4 5 6 7 8 9 10 11 12 13 | 13.6
Conjurations   | 3 4 6 8 9 10 11 12 13 14 | 14.4
Dodging        | 2 3 4 5 6 7 8 |  8.7
Invocations    | 1 3 5 6 7 8 9 10 11 | 11.5
Fighting       | 2 4 5 6 7 8 9 |  9.3
Evocations     | 2 4 5 6 7 8 9 |  9.3
Translocations | 1 2 4 5 6 |  6.0
Shields        | 3 4 |  4.0
Earth Magic    | 2 3 4 6 7 |  7.1
Transmutations | 1 3 4 5 |  5.7
Necromancy     | 1 |  1.7
Short Blades   | |  0.3

Action                   |  1- 3 |  4- 6 |  7- 9 | 10-12 | 13-15 | 16-18 || total
-------------------------+-------+-------+-------+-------+-------+-------++-------
Melee: Unarmed           |     1 |       |       |       |       |    27 ||    28
       Dagger            |    17 |    40 |    27 |       |       |       ||    84
       Long sword        |       |       |     6 |   226 |   473 |   129 ||   834
       Whip              |       |       |       |       |    12 |       ||    12
       Staff             |       |       |       |       |     7 |    22 ||    29
Throw: Dart              |       |       |     2 |       |       |       ||     2
 Cast: Foxfire           |    65 |    99 |   190 |   227 |    80 |     1 ||   662
       Sticky Flame      |       |       |    20 |    84 |   146 |   167 ||   417
       Fireball          |       |       |    10 |    92 |   327 |   183 ||   612
       Blink             |       |       |       |     2 |    23 |    16 ||    41
       Mephitic Cloud    |       |       |       |     1 |     8 |     5 ||    14
       Iron Shot         |       |       |       |       |     5 |    66 ||    71
       Statue Form       |       |       |       |       |       |    40 ||    40
       Irradiate         |       |       |       |       |       |    34 ||    34
Invok: Channel Magic     |       |       |       |     3 |    20 |    22 ||    45
Evoke: Wand              |       |       |     5 |     3 |     4 |     3 ||    15
       Lightning rod     |       |       |       |     1 |       |       ||     1
  Use: Potion            |     3 |     1 |       |       |       |     1 ||     5
       Scroll            |       |     1 |    12 |     8 |    17 |     9 ||    47
 Stab: Sleeping          |       |     1 |       |       |       |       ||     1
       Distracted        |       |     1 |     1 |       |     1 |     1 ||     4
       Confused          |       |       |       |       |     4 |     4 ||     8
       Held in net/web   |       |       |       |       |       |     1 ||     1
  Eat: Chunk             |     2 |     5 |    14 |    47 |    83 |    49 ||   200
       Ration            |       |       |     1 |     3 |     7 |    13 ||    24
Armor: Robe              |     1 |     7 |    17 |    38 |    43 |    11 ||   117
       Skin              |       |       |       |       |       |   411 ||   411
Dodge: Dodged            |    19 |    34 |    57 |   227 |   279 |   695 ||  1311
Block: Other             |     3 |    11 |    13 |   118 |     9 |       ||   154
       Buckler           |       |       |       |       |   563 |   767 ||  1330
       Reflection        |       |       |       |       |    38 |    31 ||    69
       Rpst.: Long sword |       |       |     7 |    75 |    77 |    77 ||   236

Table legend:
 A = Non-vault XP
 B = Vault XP
 C = Vault XP percentage of total XP
 D = Non-vault monster count
 E = Vault monster count
 F = Vault count percentage of total count
                 A         B        C        D         E       F
            +---------+---------+-------+---------+---------+-------
      Total |  184028 |  118328 |  39.1 |     775 |     442 |  36.3
            +---------+---------+-------+---------+---------+-------
        D:1 |      24 |       0 |   0.0 |      14 |       0 |   0.0
        D:2 |     139 |       8 |   5.4 |      34 |       2 |   5.6
        D:3 |     141 |     184 |  56.6 |      19 |       2 |   9.5
        D:4 |     369 |       0 |   0.0 |      18 |       0 |   0.0
        D:5 |     490 |       0 |   0.0 |      17 |       0 |   0.0
        D:6 |     265 |       0 |   0.0 |       9 |       0 |   0.0
        D:7 |     834 |    4598 |  84.6 |      17 |      55 |  76.4
        D:8 |    1795 |       0 |   0.0 |      26 |       0 |   0.0
        D:9 |    5669 |    1126 |  16.6 |      36 |      13 |  26.5
       D:10 |    2602 |    3051 |  54.0 |      33 |      32 |  49.2
       D:11 |    1999 |     745 |  27.2 |      19 |       8 |  29.6
       D:12 |    3929 |     576 |  12.8 |      31 |       1 |   3.1
       D:13 |    7297 |       0 |   0.0 |      36 |       0 |   0.0
       D:14 |   10503 |   13597 |  56.4 |      39 |      28 |  41.8
       D:15 |    5208 |    9960 |  65.7 |      17 |      31 |  64.6
     Lair:1 |    4748 |     128 |   2.6 |      29 |       1 |   3.3
     Lair:2 |    2961 |    1978 |  40.0 |      11 |       1 |   8.3
     Lair:3 |    3713 |       0 |   0.0 |      17 |       0 |   0.0
     Lair:4 |    7638 |    3079 |  28.7 |      27 |       1 |   3.6
     Lair:5 |    7148 |     463 |   6.1 |      17 |       3 |  15.0
     Lair:6 |   14019 |    2734 |  16.3 |      35 |       5 |  12.5
   Shoals:1 |   17749 |       0 |   0.0 |      39 |       0 |   0.0
   Shoals:2 |    1592 |       0 |   0.0 |       5 |       0 |   0.0
   Spider:1 |   29711 |       0 |   0.0 |      85 |       0 |   0.0
   Spider:2 |   18054 |    4135 |  18.6 |      40 |       2 |   4.8
   Spider:3 |   14742 |   11087 |  42.9 |      35 |      11 |  23.9
   Spider:4 |   17991 |   27080 |  60.1 |      49 |      45 |  47.9
      Orc:1 |    2252 |    6255 |  73.5 |      17 |      43 |  71.7
      Orc:2 |     446 |   21809 |  98.0 |       4 |     145 |  97.3
   Gauntlet |       0 |    5735 | 100.0 |       0 |      13 | 100.0
            +---------+---------+-------+---------+---------+-------
